Map: 2000 Atmospheres LE

Players

Scarlett

  • Race: Zerg Zerg

Namshar - Winner!

  • Race: Zerg Zerg

Event: DreamHack SC2 Masters 2021 Fall

VOD

Have the link to the VOD?

Description

Time

  • Played on: Aug. 11, 2021, 4:46 p.m.
  • Length: 14:27

All games in this series

Show
View Real Time Build Order
Export as new Build Order

Scarlett Zerg 

Build Orders: Hatch First 

Get SALT Encoding   

  12  0:00  Drone  
  13  0:12  Overlord  
  13  0:17  Drone  
  14  0:30  Drone x2  
  16  0:46  Hatchery  
  15  0:50  Drone  
  15  0:54  Drone  
  17  0:57  Drone  
  18  1:08  Extractor  
  17  1:12  Spawning Pool  
  17  1:15  Drone  
  17  1:18  Drone  
  18  1:28  Drone  
  19  1:40  Drone  
  20  1:50  Drone  
  21  1:58  Queen x2  
  21  1:59  Zergling x2  
  21  2:00  Overlord  
  26  2:09  Metabolic Boost  
  26  2:10  Drone  
  26  2:11  Drone  
  28  2:20  Drone  
  28  2:22  Drone  
  30  2:32  Hatchery  
  29  2:38  Drone x2  
  29  2:43  Queen  
  33  2:48  Overlord  
  33  2:53  Zergling x2  
  33  2:55  Drone  
  33  2:57  Drone  
  36  3:10  Zergling x14  
  42  3:14  Overlord  
  42  3:20  Drone x2  
  44  3:29  Roach Warren  
  43  3:34  Queen  
  43  3:35  Spine Crawler  
  43  3:39  Zergling x2  
  43  3:40  Zergling x4  
  47  3:47  Zergling x8  
  51  3:54  Zergling x6  
  50  4:05  Drone x4  
  55  4:13  Lair  
  55  4:15  Overlord  
  55  4:16  Extractor  
  54  4:17  Extractor  
  53  4:25  Evolution Chamber  
  49  4:33  Hatchery  
  49  4:36  Drone  
  48  4:40  Drone x5  
  48  4:43  Drone  
  48  4:45  Drone  
  55  4:48  Drone  
  55  4:49  Drone  
  52  4:53  Drone x2  
  52  4:57  Zerg Missile Weapons Level 1  
  54  5:02  Drone x2  
  54  5:05  Drone  
  57  5:08  Extractor  
  57  5:13  Glial Reconstitution  
  56  5:15  Drone x4  
  60  5:24  Spire  
  60  5:28  Drone  
  60  5:29  Overlord x2  
  59  5:45  Roach  
  59  5:46  Roach x2  
  59  5:47  Overlord  
  65  5:54  Roach  
  65  5:55  Roach x5  
  77  6:08  Drone x7  
  84  6:14  Overlord x2  
  84  6:15  Drone x2  
  84  6:17  Drone  
  87  6:21  Overlord  
  87  6:22  Drone  
  88  6:26  Drone x2  
  90  6:42  Mutalisk  
  90  6:43  Mutalisk x5  
  90  6:44  Drone x3  
  90  6:46  Extractor  
  104  6:48  Extractor  
  104  6:50  Drone x5  
  104  6:54  Zerg Missile Weapons Level 2  
  108  7:02  Overlord x2  
  108  7:06  Roach x3  
  113  7:15  Overlord  
  110  7:16  Drone  
  110  7:19  Overlord  
  111  7:24  Hatchery  
  111  7:26  Roach x6  
  122  7:37  Overlord x2  
  122  7:38  Overlord  
  122  7:39  Roach x4  
  122  7:44  Ravager x5  
  134  7:50  Roach x4  
  143  7:52  Overlord  
  143  7:53  Overlord  
  143  8:01  Roach  
  143  8:02  Roach x4  
  153  8:07  Roach x4  
  153  8:10  Roach x2  
  161  8:21  Roach x5  
  161  8:25  Drone x4  
  167  8:29  Ravager, Overlord  
  167  8:30  Overlord  
  168  8:35  Roach x3  
  168  8:39  Roach x2  
  178  8:49  Roach x6  
  178  8:55  Roach x4  
  198  8:56  Ravager x2  
  198  9:09  Roach x5  
  197  9:10  Zerg Ground Armor Level 1  
  197  9:13  Ravager  
  194  9:27  Roach  
  194  9:28  Roach x2  
  200  9:33  Roach  
  190  9:39  Roach x5  
  179  9:45  Roach  
  179  9:46  Roach x10  
  179  9:49  Roach  
  188  10:01  Roach x2  
  188  10:02  Roach x5  
  198  10:12  Roach x2  
  198  10:19  Overlord  
  198  10:21  Roach x6  
  200  10:22  Overlord x2  
  200  10:25  Overlord x2  
  198  10:35  Roach  
  192  10:41  Roach x6  
  200  10:49  Infestation Pit  
  193  10:54  Roach x4  
  199  10:59  Roach x5  
  199  11:02  Ravager  
  200  11:07  Zerg Ground Armor Level 2  
  188  11:11  Extractor  
  188  11:12  Extractor  
  188  11:13  Roach x10  
  188  11:19  Roach x4  
  188  11:24  Roach x3  
  177  11:35  Roach x7  
  177  11:36  Roach  
  159  11:41  Roach x4  
  165  11:47  Roach x6  
  175  11:55  Drone x3  
  175  11:59  Roach  
  175  12:00  Roach x7  
  194  12:07  Roach x6  
  179  12:19  Roach x6  
  168  12:26  Roach x3  
  168  12:27  Roach x2  
  164  12:35  Roach x5  
  164  12:36  Ravager  
  169  12:39  Ravager x2  
  169  12:41  Roach x2  
  175  12:46  Roach x2  
  175  12:47  Roach  
  185  12:51  Roach x2  
  185  12:54  Tunneling Claws  
  185  12:58  Roach x2  
  184  13:11  Roach  
  184  13:12  Roach x5  
  180  13:16  Roach x2  
  142  13:22  Roach x2  
Show
View Real Time Build Order
Export as new Build Order

Namshar Zerg - Winner!

Build Orders: Hatch First, Zergling Baneling 

Get SALT Encoding   

  12  0:00  Drone  
  13  0:12  Overlord  
  13  0:16  Drone  
  14  0:30  Drone x2  
  16  0:48  Hatchery  
  15  0:50  Drone  
  15  0:54  Drone  
  17  0:57  Drone  
  18  1:06  Extractor  
  17  1:12  Spawning Pool  
  17  1:15  Drone  
  17  1:18  Drone  
  18  1:27  Drone  
  19  1:39  Drone  
  20  1:49  Drone  
  21  1:59  Queen  
  21  2:00  Queen  
  21  2:01  Drone, Overlord  
  26  2:08  Metabolic Boost  
  26  2:11  Zergling x2  
  26  2:12  Drone  
  28  2:21  Zergling x2  
  30  2:22  Drone  
  30  2:33  Hatchery  
  30  2:34  Drone  
  30  2:37  Drone  
  30  2:43  Drone  
  32  2:46  Baneling Nest  
  32  2:48  Overlord  
  31  2:53  Drone  
  32  3:07  Zergling x2  
  32  3:08  Zergling x10  
  32  3:11  Zergling x4  
  39  3:15  Zergling x2  
  40  3:25  Zergling x4  
  42  3:29  Baneling x2  
  42  3:37  Evolution Chamber, Overlord  
  42  3:39  Overlord  
  41  3:43  Zergling x2  
  41  3:44  Zergling x4  
  41  3:47  Baneling  
  41  3:48  Baneling  
  41  4:04  Drone x8  
  41  4:14  Queen  
  41  4:16  Zerg Missile Weapons Level 1  
  43  4:17  Baneling x2  
  43  4:19  Zergling x4  
  45  4:26  Zergling x8  
  45  4:29  Zergling x2  
  47  4:33  Zergling x2  
  47  4:37  Baneling  
  48  4:39  Baneling  
  48  4:41  Drone  
  48  4:42  Drone x5  
  54  4:51  Drone x2  
  55  4:54  Overlord  
  55  4:55  Drone x3  
  55  4:58  Extractor  
  55  4:59  Extractor  
  56  5:02  Drone x2  
  58  5:18  Lair  
  58  5:20  Drone x7  
  64  5:22  Roach Warren  
  64  5:28  Drone x5  
  66  5:31  Overlord  
  68  5:44  Overlord x2  
  68  5:45  Overlord  
  67  5:58  Drone x7  
  67  6:02  Extractor x2, Roach  
  74  6:04  Roach  
  74  6:05  Roach x2  
  74  6:10  Overlord x2  
  79  6:13  Extractor  
  79  6:14  Roach x6  
  90  6:20  Glial Reconstitution, Zerg Missile Weapons Level 2  
  90  6:23  Overlord  
  90  6:27  Roach x2  
  92  6:40  Drone x4  
  92  6:41  Drone  
  92  6:42  Drone x4  
  92  6:45  Drone  
  92  6:46  Hydralisk Den  
  100  6:55  Hatchery  
  100  6:58  Queen  
  100  7:00  Spore Crawler, Drone  
  103  7:03  Spore Crawler, Drone  
  103  7:04  Drone  
  102  7:17  Muscular Augments  
  102  7:18  Hydralisk  
  102  7:19  Hydralisk x7  
  114  7:30  Overlord x2  
  114  7:35  Spore Crawler  
  113  7:40  Overlord x3  
  113  7:41  Overlord x3  
  113  7:49  Hydralisk  
  113  7:50  Roach x4  
  123  7:58  Roach x2  
  127  8:03  Roach x2  
  131  8:13  Roach  
  131  8:14  Roach x6  
  142  8:24  Roach x3  
  144  8:29  Grooved Spines  
  144  8:31  Roach x4  
  150  8:37  Ravager x2  
  150  8:40  Roach x6  
  160  8:45  Roach x6  
  160  8:46  Roach  
  176  8:55  Roach  
  176  8:56  Roach x3  
  182  9:03  Roach  
  176  9:11  Roach  
  176  9:12  Roach x4  
  176  9:14  Zerg Ground Armor Level 1  
  176  9:15  Overlord x3  
  182  9:19  Ravager x2  
  184  9:27  Ravager x2  
  181  9:33  Roach x10  
  197  9:38  Hatchery  
  197  9:43  Roach x3  
  178  9:48  Roach x3  
  162  10:05  Roach x6  
  172  10:10  Roach  
  172  10:11  Roach  
  172  10:12  Ravager  
  175  10:17  Roach x2  
  172  10:24  Roach  
  174  10:30  Roach x8  
  174  10:34  Hydralisk x3  
  184  10:45  Hydralisk x2  
  184  10:47  Roach x2  
  187  11:02  Roach  
  187  11:03  Roach x10  
  186  11:14  Hydralisk  
  186  11:15  Roach x4  
  182  11:19  Roach  
  182  11:23  Queen  
  182  11:25  Hydralisk  
  178  11:26  Roach x6  
  188  11:38  Roach x5  
  176  11:45  Roach x3  
  179  11:51  Zerg Ground Armor Level 2  
  179  11:52  Extractor  
  179  11:53  Hydralisk x2  
  182  11:54  Roach x4  
  182  11:59  Roach x3  
  183  12:09  Roach  
  183  12:10  Roach x5  
  185  12:17  Roach  
  185  12:18  Roach x3  
  185  12:22  Roach  
  185  12:23  Roach x2  
  185  12:28  Roach x3  
  185  12:29  Roach  
  177  12:37  Hydralisk x2  
  177  12:38  Roach x3  
  187  12:52  Ravager  
  187  12:53  Ravager  
  187  12:58  Roach x5  
  199  13:12  Roach x6  
  197  13:19  Roach x11  

Tags
 
Add a new tag
Caveats
  • Supply blocks, unpowered buildings, or Contaminate may cause inaccurate times.
  • Supply counts are checked every 10 seconds.